Workbook

Sheet FESTIVAL DE DANZA
B2: VI FESTIVAL NACIONAL DE DANZA "LABRANDO DANZA-TERRITORIOS BIOCULTURALES" JULIO 31 , 1 Y 2 DE AGOSTO
G3: SOUND CONCERT | K3: FUNDA GUALIVA | M3: JUGANDO ENSERIO
B4: N° | C4: ITEM | D4: DESCRIPCIÓN | E4: UNIDAD | F4: CANTIDAD | G4: PRECIO PROMEDIO UNIDAD CON IMPUESTOS | H4: PRECIO PROMEDIO UNIDAD CON IMPUESTOS | I4: TOTAL CON IMPUESTOS | J4: TOTAL CON IMPUESTOS | K4: PRECIO PROMEDIO UNIDAD CON IMPUESTOS | L4: TOTAL CON IMPUESTOS | M4: PRECIO PROMEDIO UNIDAD CON IMPUESTOS | N4: TOTAL CON IMPUESTOS | O4: PRESUPUESTO
B5: 1 | C5: ALOJAMIENTO | D5: Alojamiento en el municipio de Tenjo o municipio cercano al lugar de desarrollo del evento en acomodaciones Multiple con baño, WIFI, Zonas Comunes, TV, Seguro hotelero. | E5: UNIDADES | F5: 490 | G5: 156000 | H5: =(G5*9%)+G5 -> 170040 | I5: =H5*F5 -> 83319600 | J5: =G5*F5 -> 76440000 | K5: =(H5*5%)+H5 -> 178542 | L5: =+K5*F5 -> 87485580 | M5: =(K5*3%)+K5 -> 183898.26 | N5: =+M5*F5 -> 90110147 | O5: =+ROUND(((I5+L5+N5)/3),0) -> 86971776
B6: 2 | C6: DESAYUNOS | D6: Huevos o caldo o tamal, 1 porcion de fruta, 1 bebida caliente de 9 oz café, chocolate, aguapanela acompañado de un carbohidrato de minimo de 120 gramos. | E6: UNIDADES | F6: 610 | G6: 28120 | H6: =(G6*9%)+G6 -> 30650.8 | I6: =H6*F6 -> 18696988 | J6: =G6*F6 -> 17153200 | K6: =(H6*5%)+H6 -> 32183.34 | L6: =+K6*F6 -> 19631837 | M6: =(K6*3%)+K6 -> 33148.84 | N6: =+M6*F6 -> 20220793 | O6: =+ROUND(((I6+L6+N6)/3),0) -> 19516539
B7: 3 | C7: REFRIGERIO | D7: Sandwich hechos con dos (2) rebanadas de pan blanco blando rectangular, una lonja de jamon de pollo, cordero, cerodo o pavo (de 20 gramos) y una revanadas de queso mozarela (de 20 gramos) o amasijo, o pastel de pollo, o empandas o pastel de yuca, Bebida de 200 ml bajo en azucar y fruta de cosecha (mandarina, banano, durazno, pera) | E7: UNIDADES | F7: 1000 | G7: 18500 | H7: =(G7*9%)+G7 -> 20165 | I7: =H7*F7 -> 20165000 | J7: =G7*F7 -> 18500000 | K7: =(H7*5%)+H7 -> 21173.25 | L7: =+K7*F7 -> 21173250 | M7: =(K7*3%)+K7 -> 21808.447 | N7: =+M7*F7 -> 21808448 | O7: =+ROUND(((I7+L7+N7)/3),0) -> 21048899
B8: 4 | C8: ALMUERZO | D8: 200 gramos de proteina (pechuga de pollo, carne, pavo a la plancha), 160 gramos de legumbre , 100 gramos de ensalada, 100 gramos de papa o platano. Una porcion de arroz blanco o verde, bebida: jugo natural de 10 onzas de fruta o bebida de 200 ml bajo en azucar y postre. | E8: UNIDADES | F8: 610 | G8: 29600 | H8: =(G8*9%)+G8 -> 32264 | I8: =H8*F8 -> 19681040 | J8: =G8*F8 -> 18056000 | K8: =(H8*5%)+H8 -> 33877.2 | L8: =+K8*F8 -> 20665092 | M8: =(K8*3%)+K8 -> 34893.516 | N8: =+M8*F8 -> 21285045 | O8: =+ROUND(((I8+L8+N8)/3),0) -> 20543726
B9: 5 | C9: CENA | D9: 200 gramos de proteina (pechuga de pollo, carne, pavo a la plancha), 160 gramos de legumbre, 90 gramos de ensalada, 90 gramos de pap/platano, una porcion de arroz blanco o verde, bebida: jugo natural de 10 onzas de fruta de cosecha o bebida de 200 ml bajo en azucar. | E9: UNIDADES | F9: 610 | G9: 29600 | H9: =(G9*9%)+G9 -> 32264 | I9: =H9*F9 -> 19681040 | J9: =G9*F9 -> 18056000 | K9: =(H9*5%)+H9 -> 33877.2 | L9: =+K9*F9 -> 20665092 | M9: =(K9*3%)+K9 -> 34893.516 | N9: =+M9*F9 -> 21285045 | O9: =+ROUND(((I9+L9+N9)/3),0) -> 20543726
B10: 6 | C10: HIDRATACION | D10: Botellas de agua potable de 300 ml | E10: UNIDADES | F10: 2500 | G10: 890.5 | H10: =(G10*9%)+G10 -> 970.645 | I10: =H10*F10 -> 2426612.5 | J10: =G10*F10 -> 2226250 | K10: =(H10*5%)+H10 -> 1019.1772 | L10: =+K10*F10 -> 2547943.1 | M10: =(K10*3%)+K10 -> 1049.7526 | N10: =+M10*F10 -> 2624381.4 | O10: =+ROUND(((I10+L10+N10)/3),0) -> 2532979
B11: 7 | C11: CERTIFICADO DEL EVENTO | D11: Tamaño carta en propalcote de 200gr full color según diseño enviado por la organización del evento. Para los grupos participantes al encuentro son 40 y para el Concurso Nacional de Danza Folclórica son 20 | E11: UNIDADES | F11: 50 | G11: 9672 | H11: =(G11*9%)+G11 -> 10542.48 | I11: =H11*F11 -> 527124 | J11: =G11*F11 -> 483600 | K11: =(H11*5%)+H11 -> 11069.604 | L11: =+K11*F11 -> 553480.2 | M11: =(K11*3%)+K11 -> 11401.692 | N11: =+M11*F11 -> 570084.61 | O11: =+ROUND(((I11+L11+N11)/3),0) -> 550230
B12: 8 | C12: VOLANTES | D12: Tamaño 14*21 cm en propalcote full color para la promoción del evento. Según diseño enviado por la organización del evento. | E12: UNIDADES | F12: 2000 | G12: 327.6 | H12: =(G12*9%)+G12 -> 357.084 | I12: =H12*F12 -> 714168 | J12: =G12*F12 -> 655200 | K12: =(H12*5%)+H12 -> 374.9382 | L12: =+K12*F12 -> 749876.4 | M12: =(K12*3%)+K12 -> 386.18635 | N12: =+M12*F12 -> 772372.69 | O12: =+ROUND(((I12+L12+N12)/3),0) -> 745472
B13: 9 | C13: ZONA INSTAGRAMEABLE | D13: Vinilo impreso adhesivo. Full color. 400 cm ancho x 2.30 cm alto x 50cm prof. Base de 60x40cm prof. | E13: UNIDADES | F13: 2 | G13: 2496000 | H13: =(G13*9%)+G13 -> 2720640 | I13: =H13*F13 -> 5441280 | J13: =G13*F13 -> 4992000 | K13: =(H13*5%)+H13 -> 2856672 | L13: =+K13*F13 -> 5713344 | M13: =(K13*3%)+K13 -> 2942372.2 | N13: =+M13*F13 -> 5884744.3 | O13: =+ROUND(((I13+L13+N13)/3),0) -> 5679789
B14: 10 | C14: MANILLAS | D14: Manillas en Tyvek o vinilo,color rojo. Cierre adhesivo en la punta para ajuste seguro. Marcadas con el texto: "TENJO 2025" en impresión resistente. | E14: UNIDADES | F14: 500 | G14: 546 | H14: =(G14*9%)+G14 -> 595.14 | I14: =H14*F14 -> 297570 | J14: =G14*F14 -> 273000 | K14: =(H14*5%)+H14 -> 624.897 | L14: =+K14*F14 -> 312448.5 | M14: =(K14*3%)+K14 -> 643.64391 | N14: =+M14*F14 -> 321821.95 | O14: =+ROUND(((I14+L14+N14)/3),0) -> 310613
B15: 11 | C15: DECORACIÓN DEL ESCENARIO PRINCIPAL | D15: Decoración del escenario principal con telas, globos, flores y demas elementos de decoración referente a la linea grafica del evento con previa autorizacion y acordada por el supervisor del evento. | E15: UNIDADES | F15: 1 | G15: 5460000 | H15: =(G15*9%)+G15 -> 5951400 | I15: =H15*F15 -> 5951400 | J15: =G15*F15 -> 5460000 | K15: =(H15*5%)+H15 -> 6248970 | L15: =+K15*F15 -> 6248970 | M15: =(K15*3%)+K15 -> 6436439.1 | N15: =+M15*F15 -> 6436439.1 | O15: =+ROUND(((I15+L15+N15)/3),0) -> 6212270
B16: 12 | C16: Pantalla LED Vertical, tipo pendon digital 1.2 m * 2 m | D16: Estructura tipo totem, pantalla LED vertical con instalacion y desinstalacion para difusion de contenido digital entregado por la entidad. Con conextiones electricas y dispositivos para reproduccion desde USB. Servicio tres dias. (3 por dia) | E16: UNIDADES | F16: 6 | G16: 2184000 | H16: =(G16*9%)+G16 -> 2380560 | I16: =H16*F16 -> 14283360 | J16: =G16*F16 -> 13104000 | K16: =(H16*5%)+H16 -> 2499588 | L16: =+K16*F16 -> 14997528 | M16: =(K16*3%)+K16 -> 2574575.6 | N16: =+M16*F16 -> 15447454 | O16: =+ROUND(((I16+L16+N16)/3),0) -> 14909447
... B40: 36 | C40: SAYCO | D40: Pago correspondiente a SAYCO Y ACIMPRO | E40: UNIDADES | F40: 1 | G40: 6850000 | H40: =(G40*9%)+G40 -> 7466500 | I40: =H40*F40 -> 7466500 | J40: =G40*F40 -> 6850000 | K40: =(H40*5%)+H40 -> 7839825 | L40: =+K40*F40 -> 7839825 | M40: =(K40*3%)+K40 -> 8075019.8 | N40: =+M40*F40 -> 8075019.8 | O40: =+ROUND(((I40+L40+N40)/3),0) -> 7793782
B41: TOTAL
B42: ENCUENTRO DE POESIA Y ESCRITURA -COROS (AGOSTO 27, 28 y 29)
B43: N° | C43: ITEM | D43: DESCRIPCIÓN | E43: UNIDAD | F43: CANTIDAD | G43: PRECIO PROMEDIO UNIDAD CON IMPUESTOS | H43: PRECIO PROMEDIO UNIDAD CON IMPUESTOS | I43: TOTAL CON IMPUESTOS | J43: TOTAL CON IMPUESTOS | K43: PRECIO PROMEDIO UNIDAD CON IMPUESTOS | L43: TOTAL CON IMPUESTOS | M43: PRECIO PROMEDIO UNIDAD CON IMPUESTOS | N43: TOTAL CON IMPUESTOS
B44: 1 | C44: VINO | D44: Cabernet Sauvignon de 750 ML, aroma intenso, repleto de frutos rojos, bayas, cerezas y casis | E44: UNIDADES | F44: 10 | G44: 32760 | H44: =(G44*9%)+G44 -> 35708.4 | I44: =H44*F44 -> 357084 | J44: =G44*F44 -> 327600 | K44: =(H44*4%)+H44 -> 37136.736 | L44: =+K44*F44 -> 371367.36 | M44: =(K44*3%)+K44 -> 38250.838 | N44: =+M44*F44 -> 382508.38 | O44: =+ROUND(((I44+L44+N44)/3),0) -> 370320
B45: 2 | C45: TABLAS DE QUESOS, CARNES, FRUTAS Y SEMILLAS | D45: Jamón Mixto Día a Día x 300 g Salchicha de Cerdo Ahumada Maestro x 288 g Jamón de pechuga de pollo Maestro 225 g Queso gouda en cubos 1 taza de uvas 1/2 taza de mermelada de frutos rojos 1 paquete de galletas crackers 1/2 taza de frutos rojos Queso Tilsit | E45: UNIDADES | F45: 10 | G45: 325187.08 | H45: =(G45*9%)+G45 -> 354453.92 | I45: =H45*F45 -> 3544539.2 | J45: =G45*F45 -> 3251870.8 | K45: =(H45*4%)+H45 -> 368632.07 | L45: =+K45*F45 -> 3686320.7 | M45: =(K45*3%)+K45 -> 379691.04 | N45: =+M45*F45 -> 3796910.4 | O45: =+ROUND(((I45+L45+N45)/3),0) -> 3675923
B46: 3 | C46: COPAS | D46: Copa desechable champanera plastica desechable | E46: UNIDADES | F46: 150 | G46: 2340 | H46: =(G46*9%)+G46 -> 2550.6 | I46: =H46*F46 -> 382590 | J46: =G46*F46 -> 351000 | K46: =(H46*4%)+H46 -> 2652.624 | L46: =+K46*F46 -> 397893.6 | M46: =(K46*3%)+K46 -> 2732.2027 | N46: =+M46*F46 -> 409830.41 | O46: =+ROUND(((I46+L46+N46)/3),0) -> 396771
B47: 4 | C47: AGUA | D47: Botella de agua 300 ml | E47: UNIDADES | F47: 200 | G47: 890.5 | H47: =(G47*9%)+G47 -> 970.645 | I47: =H47*F47 -> 194129 | J47: =G47*F47 -> 178100 | K47: =(H47*4%)+H47 -> 1009.4708 | L47: =+K47*F47 -> 201894.16 | M47: =(K47*3%)+K47 -> 1039.7549 | N47: =+M47*F47 -> 207950.98 | O47: =+ROUND(((I47+L47+N47)/3),0) -> 201325
B48: 5 | C48: ALMUERZOS | D48: 200 gramos de proteina (pechuga de pollo, carne, pavo a la plancha), 160 gramos de legumbre , 90 gramos de ensalada, 90 gramos de papa o platano. Una porcion de arroz blanco o verde, bebida: jugo natural de 10 onzas de fruta o bebida de 200 ml bajo en azucar y postre. | E48: UNIDADES | F48: 200 | G48: 29600 | H48: =(G48*9%)+G48 -> 32264 | I48: =H48*F48 -> 6452800 | J48: =G48*F48 -> 5920000 | K48: =(H48*4%)+H48 -> 33554.56 | L48: =+K48*F48 -> 6710912 | M48: =(K48*3%)+K48 -> 34561.197 | N48: =+M48*F48 -> 6912239.4 | O48: =+ROUND(((I48+L48+N48)/3),0) -> 6691984
B49: 6 | C49: CERTIFICADO PARTICIPACION | D49: Tamaño carta en propalcote de 200gr full color según diseño enviado por la organización del evento | E49: UNIDADES | F49: 60 | G49: 9672 | H49: =(G49*9%)+G49 -> 10542.48 | I49: =H49*F49 -> 632548.8 | J49: =G49*F49 -> 580320 | K49: =(H49*4%)+H49 -> 10964.179 | L49: =+K49*F49 -> 657850.75 | M49: =(K49*3%)+K49 -> 11293.105 | N49: =+M49*F49 -> 677586.27 | O49: =+ROUND(((I49+L49+N49)/3),0) -> 655995
B50: 7 | C50: PREMIO PARTICIPANTES POESIA | D50: Incentivo económico para las propuestas gandoras del encuentro de poesía 2025. | E50: UNIDADES | F50: 21 | G50: 411000 | H50: =(G50*9%)+G50 -> 447990 | I50: =H50*F50 -> 9407790 | J50: =G50*F50 -> 8631000 | K50: =(H50*4%)+H50 -> 465909.6 | L50: =+K50*F50 -> 9784101.6 | M50: =(K50*3%)+K50 -> 479886.89 | N50: =+M50*F50 -> 10077625 | O50: =+ROUND(((I50+L50+N50)/3),0) -> 9756505
B51: 8 | C51: RECORDATORIO | D51: Reconocimiento de participacion único que combine la temática de el encuentro de poesia, concurso de escritura y encuentro de coros con tematica que represente "los sentidos" . El reconocimiento debe ser tipo trofeo que simbolice la conexión entre la música, la escritura y los cinco sentidos (vista, oído, tacto, olfato y gusto), Debe ser una pieza artística, moderna y significativa para los participantes, Ligero pero robusto y fácil de transportar, el diseño debe ser aprobado por la entidad. | E51: UNIDADES | F51: 40 | G51: 78000 | H51: =(G51*9%)+G51 -> 85020 | I51: =H51*F51 -> 3400800 | J51: =G51*F51 -> 3120000 | K51: =(H51*4%)+H51 -> 88420.8 | L51: =+K51*F51 -> 3536832 | M51: =(K51*3%)+K51 -> 91073.424 | N51: =+M51*F51 -> 3642937 | O51: =+ROUND(((I51+L51+N51)/3),0) -> 3526856
B52: 9 | C52: LIBRO PERGAMINO | D52: Impresión Tipo libro, portada blanda plastificada en mate con impresión a color de los poemas ganadores como memoria del evento, en papel pergamino o similar de tamaño carta que contenga los logos del evento y logos institutcionales diseño enviado por la entidad | E52: UNIDADES | F52: 3 | G52: 93600 | H52: =(G52*9%)+G52 -> 102024 | I52: =H52*F52 -> 306072 | J52: =G52*F52 -> 280800 | K52: =(H52*4%)+H52 -> 106104.96 | L52: =+K52*F52 -> 318314.88 | M52: =(K52*3%)+K52 -> 109288.11 | N52: =+M52*F52 -> 327864.33 | O52: =+ROUND(((I52+L52+N52)/3),0) -> 317417
B53: 10 | C53: JURADO | D53: Profesional del campo literario con experiencia en escritura, edición, docencia o curaduría literaria, dedicado(a) al fomento de la lectura, la escritura creativa y el desarrollo de nuevas voces narrativas. | E53: PERSONA | F53: 2 | G53: 3425000 | H53: =(G53*9%)+G53 -> 3733250 | I53: =H53*F53 -> 7466500 | J53: =G53*F53 -> 6850000 | K53: =(H53*4%)+H53 -> 3882580 | L53: =+K53*F53 -> 7765160 | M53: =(K53*3%)+K53 -> 3999057.4 | N53: =+M53*F53 -> 7998114.8 | O53: =+ROUND(((I53+L53+N53)/3),0) -> 7743258
B54: 11 | C54: ARTISTA ENCUENTRO POESIA | D54: Agrupación musical interdisciplinaria que entrelaza la música y la poesía como lenguajes complementarios de expresión y memoria. Que propuesta artística nazca del deseo de explorar el poder evocador de la palabra hablada y cantada, tejiendo de esta manera repertorios en los que la sonoridad del texto y la musicalidad de la composición se funden en una misma experiencia estética. A través de la voz, los instrumentos y la escenificación, la agrupación da vida a poetas clásicos y contemporáneos, así como a creaciones propias que dialogan con lo íntimo, lo social y lo simbólico. Con una sensibilidad particular por la palabra, que convierte cada presentación en un viaje sonoro y poético que invita al público a escuchar con el oído, el cuerpo y el alma. | E54: AGRUPACIÓN | F54: 1 | G54: 6850000 | H54: =(G54*9%)+G54 -> 7466500 | I54: =H54*F54 -> 7466500 | J54: =G54*F54 -> 6850000 | K54: =(H54*4%)+H54 -> 7765160 | L54: =+K54*F54 -> 7765160 | M54: =(K54*3%)+K54 -> 7998114.8 | N54: =+M54*F54 -> 7998114.8 | O54: =+ROUND(((I54+L54+N54)/3),0) -> 7743258
B55: 12 | C55: TALLERISTA | D55: Compositor y creador interdisciplinar cuya obra transita entre la música y la palabra poética, tejiendo sonidos que nacen del verso y melodías que respiran literatura. Que su trabajo se caractericé por la exploración de la musicalidad del lenguaje, el ritmo del texto y la resonancia emocional de la palabra escrita, convirtiendo la poesía en partitura viva. Que haya compuesto para voz, ensambles de cámara y formatos corales, llevando la poesía a nuevas dimensiones escénicas y sonoras. Con formación en composición y una profunda sensibilidad literaria, con enfoque creativo que una tradición y experimentación, que en su trayectoria haya logrado que el oyente no solo escuche, sino que sienta y recuerde. | E55: PERSONA | F55: 1 | G55: 1370000 | H55: =(G55*9%)+G55 -> 1493300 | I55: =H55*F55 -> 1493300 | J55: =G55*F55 -> 1370000 | K55: =(H55*4%)+H55 -> 1553032 | L55: =+K55*F55 -> 1553032 | M55: =(K55*3%)+K55 -> 1599623 | N55: =+M55*F55 -> 1599623 | O55: =+ROUND(((I55+L55+N55)/3),0) -> 1548652
... B59: 16 | C59: EXPOSICION PARTE 2 | D59: Zona interactiva: Domo aeroinflable inmersivo: Instalación interactiva compuesta por un domo aeroinflable de 8 metros de diámetro, diseñado para ofrecer una experiencia inmersiva alrededor del concepto “Hogar como territorio biocultural”. El espacio contará con proyección audiovisual y sistema de sonido ambiental, permitiendo la reproducción de contenidos poéticos, visuales y sonoros relacionados con la memoria, el territorio, la naturaleza y el hogar. La experiencia estará dirigida a público de todas las edades, generando un ambiente de contemplación, interacción y encuentro cultural mediante imágenes, paisajes sonoros y narrativas audiovisuales. El servicio incluye transporte, montaje, desmontaje, proyector de video, sistema de sonido, operación técnica y funcionamiento durante dos (2) días del evento. | E59: KIT | F59: 1 | G59: 4084080 | H59: =(G59*9%)+G59 -> 4451647.2 | I59: =H59*F59 -> 4451647.2 | J59: =G59*F59 -> 4084080 | K59: =(H59*4%)+H59 -> 4629713.1 | L59: =+K59*F59 -> 4629713.1 | M59: =(K59*3%)+K59 -> 4768604.5 | N59: =+M59*F59 -> 4768604.5 | O59: =+ROUND(((I59+L59+N59)/3),0) -> 4616655
B60: TOTAL
B61: CINE CHICÚ (SEPTIEMBRE del 4 al 12)
B62: N° | C62: ITEM | D62: DESCRIPCIÓN | E62: UNIDAD | F62: CANTIDAD | G62: PRECIO PROMEDIO UNIDAD CON IMPUESTOS | H62: PRECIO PROMEDIO UNIDAD CON IMPUESTOS | I62: TOTAL CON IMPUESTOS | J62: TOTAL CON IMPUESTOS | K62: PRECIO PROMEDIO UNIDAD CON IMPUESTOS | L62: TOTAL CON IMPUESTOS | M62: PRECIO PROMEDIO UNIDAD CON IMPUESTOS | N62: TOTAL CON IMPUESTOS
B63: 1 | C63: JURADOS | D63: Realizador/a audiovisual con minimo de 5 años de trayectoria profesional y humana en el área de la cinematografía y/o la crítica cinematográfica para la evaluación de las obras en competencia de Cine Chicú. | E63: UNIDAD | F63: 3 | G63: 2740000 | H63: =(G63*9%)+G63 -> 2986600 | I63: =H63*F63 -> 8959800 | J63: =G63*F63 -> 8220000 | K63: =(H63*4%)+H63 -> 3106064 | L63: =+K63*F63 -> 9318192 | M63: =(K63*3%)+K63 -> 3199245.9 | N63: =+M63*F63 -> 9597737.8 | O63: =+ROUND(((I63+L63+N63)/3),0) -> 9291910
B64: 2 | C64: TALLERISTA | D64: Un/a Realizador/a audiovisual con amplia trayectoria profesional y humana en el área de la cinematografía y la enseñanza audiovisual para realizar un taller en el marco del evento y un/a fotógrafo/a con amplia trayectoria profesional y humana y experiencia en enseñanza práctica de la fotografía para realizar un taller en el marco del evento. | E64: UNIDAD | F64: 1 | G64: 1370000 | H64: =(G64*9%)+G64 -> 1493300 | I64: =H64*F64 -> 1493300 | J64: =G64*F64 -> 1370000 | K64: =(H64*4%)+H64 -> 1553032 | L64: =+K64*F64 -> 1553032 | M64: =(K64*3%)+K64 -> 1599623 | N64: =+M64*F64 -> 1599623 | O64: =+ROUND(((I64+L64+N64)/3),0) -> 1548652
B65: 3 | C65: INCENTIVOS | D65: Mejor Cortometraje Internacional | E65: UNIDAD | F65: 1 | G65: 6850000 | H65: =(G65*9%)+G65 -> 7466500 | I65: =H65*F65 -> 7466500 | J65: =G65*F65 -> 6850000 | K65: =(H65*4%)+H65 -> 7765160 | L65: =+K65*F65 -> 7765160 | M65: =(K65*3%)+K65 -> 7998114.8 | N65: =+M65*F65 -> 7998114.8 | O65: =+ROUND(((I65+L65+N65)/3),0) -> 7743258
B66: 4 | C66: INCENTIVOS | D66: Mejor Cortometraje Nacional | E66: UNIDAD | F66: 1 | G66: 6850000 | H66: =(G66*9%)+G66 -> 7466500 | I66: =H66*F66 -> 7466500 | J66: =G66*F66 -> 6850000 | K66: =(H66*4%)+H66 -> 7765160 | L66: =+K66*F66 -> 7765160 | M66: =(K66*3%)+K66 -> 7998114.8 | N66: =+M66*F66 -> 7998114.8 | O66: =+ROUND(((I66+L66+N66)/3),0) -> 7743258
B67: 5 | C67: INCENTIVOS | D67: Mejor Cortometraje Tenjano | E67: UNIDAD | F67: 1 | G67: 8220000 | H67: =(G67*9%)+G67 -> 8959800 | I67: =H67*F67 -> 8959800 | J67: =G67*F67 -> 8220000 | K67: =(H67*4%)+H67 -> 9318192 | L67: =+K67*F67 -> 9318192 | M67: =(K67*3%)+K67 -> 9597737.8 | N67: =+M67*F67 -> 9597737.8 | O67: =+ROUND(((I67+L67+N67)/3),0) -> 9291910
B68: 6 | C68: INCENTIVOS | D68: Mejor Cortometraje Juvenil Nacional | E68: UNIDAD | F68: 1 | G68: 4795000 | H68: =(G68*9%)+G68 -> 5226550 | I68: =H68*F68 -> 5226550 | J68: =G68*F68 -> 4795000 | K68: =(H68*4%)+H68 -> 5435612 | L68: =+K68*F68 -> 5435612 | M68: =(K68*3%)+K68 -> 5598680.4 | N68: =+M68*F68 -> 5598680.4 | O68: =+ROUND(((I68+L68+N68)/3),0) -> 5420281
B69: 7 | C69: INCENTIVOS | D69: Mejor Filminuto Realizado en Tenjo con Celular (abierto a realizadores de cualquier lugar) | E69: UNIDAD | F69: 1 | G69: 4795000 | H69: =(G69*9%)+G69 -> 5226550 | I69: =H69*F69 -> 5226550 | J69: =G69*F69 -> 4795000 | K69: =(H69*4%)+H69 -> 5435612 | L69: =+K69*F69 -> 5435612 | M69: =(K69*3%)+K69 -> 5598680.4 | N69: =+M69*F69 -> 5598680.4 | O69: =+ROUND(((I69+L69+N69)/3),0) -> 5420281
B70: 8 | C70: INCENTIVOS | D70: Mejor Obra de Cine Expandido y Nuevos Medios | E70: UNIDAD | F70: 1 | G70: 4795000 | H70: =(G70*9%)+G70 -> 5226550 | I70: =H70*F70 -> 5226550 | J70: =G70*F70 -> 4795000 | K70: =(H70*4%)+H70 -> 5435612 | L70: =+K70*F70 -> 5435612 | M70: =(K70*3%)+K70 -> 5598680.4 | N70: =+M70*F70 -> 5598680.4 | O70: =+ROUND(((I70+L70+N70)/3),0) -> 5420281
B71: 9 | C71: DERECHOS DE PROYECCIÓN (FEE) CORTOMETRAJE | D71: Derechos de proyección (fee) para audiovisuales para proyección de cortometrajes nacionales, internacionales y de obras expandidas y nuevos medios con las temáticas del festival (realidad virtual) | E71: UNIDAD | F71: 6 | G71: 411000 | H71: =(G71*9%)+G71 -> 447990 | I71: =H71*F71 -> 2687940 | J71: =G71*F71 -> 2466000 | K71: =(H71*4%)+H71 -> 465909.6 | L71: =+K71*F71 -> 2795457.6 | M71: =(K71*3%)+K71 -> 479886.89 | N71: =+M71*F71 -> 2879321.3 | O71: =+ROUND(((I71+L71+N71)/3),0) -> 2787573
B72: 10 | C72: CARRO PANTALLA | D72: Unidad móvil de 3 x 2 m. para exhibición audiovisual en alta definición (4K-Pitch 2.9) con sonido de 1300 W. Por 5 dias. Se debe garantizar que el veículo se encuentre en buen estado, que no produzca alto nivel de ruido ni de humo al funcionar, para reducir la contaminación auditiva y del aire. | E72: UNIDAD | F72: 1 | G72: 18720000 | H72: =(G72*9%)+G72 -> 20404800 | I72: =H72*F72 -> 20404800 | J72: =G72*F72 -> 18720000 | K72: =(H72*4%)+H72 -> 21220992 | L72: =+K72*F72 -> 21220992 | M72: =(K72*3%)+K72 -> 21857622 | N72: =+M72*F72 -> 21857622 | O72: =+ROUND(((I72+L72+N72)/3),0) -> 21161138
B73: 11 | C73: CINE DOMO | D73: Cine domo con capacidad para entre 50 o 100 personas, que incluya pantalla curva de mínimo 180 grados y equipo de proyección de alta resolución para películas de entre 180 y 360 grados. | E73: UNIDAD / DÍA | F73: 1 | G73: 4084080 | H73: =(G73*9%)+G73 -> 4451647.2 | I73: =H73*F73 -> 4451647.2 | J73: =G73*F73 -> 4084080 | K73: =(H73*4%)+H73 -> 4629713.1 | L73: =+K73*F73 -> 4629713.1 | M73: =(K73*3%)+K73 -> 4768604.5 | N73: =+M73*F73 -> 4768604.5 | O73: =+ROUND(((I73+L73+N73)/3),0) -> 4616655
B74: 12 | C74: DISCO DURO EXTERNO | D74: Disco duro externo para copias de proyección de los cortometrajes, obras del festival y realización del trailer y piezas promocionales con capacidad de 4 terabites cada uno. | E74: UNIDAD | F74: 1 | G74: 1232400 | H74: =(G74*9%)+G74 -> 1343316 | I74: =H74*F74 -> 1343316 | J74: =G74*F74 -> 1232400 | K74: =(H74*4%)+H74 -> 1397048.6 | L74: =+K74*F74 -> 1397048.6 | M74: =(K74*3%)+K74 -> 1438960.1 | N74: =+M74*F74 -> 1438960.1 | O74: =+ROUND(((I74+L74+N74)/3),0) -> 1393108
... B88: 26 | C88: ROTULOS PARA EXPOSICIÓN DE FOTOGRAFÍA | D88: Impresión de fichas técnicas de fotografías según norma tecnica para galerias | E88: UNIDAD | F88: 60 | G88: 3291.6 | H88: =(G88*9%)+G88 -> 3587.844 | I88: =H88*F88 -> 215270.64 | J88: =G88*F88 -> 197496 | K88: =(H88*4%)+H88 -> 3731.3578 | L88: =+K88*F88 -> 223881.47 | M88: =(K88*3%)+K88 -> 3843.2985 | N88: =+M88*F88 -> 230597.91 | O88: =+ROUND(((I88+L88+N88)/3),0) -> 223250
B89: TOTAL
B90: FORO PATRIMONIO
B91: N° | C91: ITEM | D91: DESCRIPCIÓN | E91: UNIDAD | F91: CANTIDAD | G91: PRECIO PROMEDIO UNIDAD CON IMPUESTOS | H91: PRECIO PROMEDIO UNIDAD CON IMPUESTOS | I91: TOTAL CON IMPUESTOS | J91: TOTAL CON IMPUESTOS | K91: PRECIO PROMEDIO UNIDAD CON IMPUESTOS | L91: TOTAL CON IMPUESTOS | M91: PRECIO PROMEDIO UNIDAD CON IMPUESTOS | N91: TOTAL CON IMPUESTOS
B92: 1 | C92: CONFERENCISTA | D92: Profesional en antropología con maestria o doctorado en áreas relacionadas, con una experiencia minima de 10 años. | E92: PERSONAS | F92: 1 | G92: 959000 | H92: =(G92*9%)+G92 -> 1045310 | I92: =H92*F92 -> 1045310 | J92: =G92*F92 -> 959000 | K92: =(H92*4%)+H92 -> 1087122.4 | L92: =+K92*F92 -> 1087122.4 | M92: =(K92*3%)+K92 -> 1119736.1 | N92: =+M92*F92 -> 1119736.1 | O92: =+ROUND(((I92+L92+N92)/3),0) -> 1084056
B93: 2 | C93: CONFERENCISTA | D93: Profesional en arquitectura con estudios superiores en restauración y/o patrimonio cultural inmueble. Experiencia relacionada minima de 4 años | E93: PERSONAS | F93: 1 | G93: 959000 | H93: =(G93*9%)+G93 -> 1045310 | I93: =H93*F93 -> 1045310 | J93: =G93*F93 -> 959000 | K93: =(H93*4%)+H93 -> 1087122.4 | L93: =+K93*F93 -> 1087122.4 | M93: =(K93*3%)+K93 -> 1119736.1 | N93: =+M93*F93 -> 1119736.1 | O93: =+ROUND(((I93+L93+N93)/3),0) -> 1084056
B94: 3 | C94: CONFERENCISTA | D94: Profesional en historia, antropología o áreas afines, con maestría o doctorado en historia, memoria, patrimonio cultural o estudios culturales. Experiencia mínima de 10 años en investigación histórica y trabajo con fuentes documentales y archivos. | E94: PERSONAS | F94: 1 | G94: 959000 | H94: =(G94*9%)+G94 -> 1045310 | I94: =H94*F94 -> 1045310 | J94: =G94*F94 -> 959000 | K94: =(H94*4%)+H94 -> 1087122.4 | L94: =+K94*F94 -> 1087122.4 | M94: =(K94*3%)+K94 -> 1119736.1 | N94: =+M94*F94 -> 1119736.1 | O94: =+ROUND(((I94+L94+N94)/3),0) -> 1084056
B95: 4 | C95: CONFERENCISTA | D95: Profesional en conservación y restauración de bienes culturales, historia del arte, museología, antropología o áreas afines, con estudios de posgrado en patrimonio cultural mueble y/o conservación. Experiencia relacionada mínima de 5 años en identificación, gestión, protección o conservación de bienes muebles patrimoniales. | E95: PERSONAS | F95: 1 | G95: 959000 | H95: =(G95*9%)+G95 -> 1045310 | I95: =H95*F95 -> 1045310 | J95: =G95*F95 -> 959000 | K95: =(H95*4%)+H95 -> 1087122.4 | L95: =+K95*F95 -> 1087122.4 | M95: =(K95*3%)+K95 -> 1119736.1 | N95: =+M95*F95 -> 1119736.1 | O95: =+ROUND(((I95+L95+N95)/3),0) -> 1084056
B96: 5 | C96: TALLERISTA | D96: Artesanas tejedoras pertenecientes al pueblo Wayuu, con experiencia mínima de 5 años en la elaboración de tejidos tradicionales y en la transmisión de saberes asociados a las técnicas, significados y procesos culturales del tejido. | E96: PERSONAS | F96: 2 | G96: 1370000 | H96: =(G96*9%)+G96 -> 1493300 | I96: =H96*F96 -> 2986600 | J96: =G96*F96 -> 2740000 | K96: =(H96*4%)+H96 -> 1553032 | L96: =+K96*F96 -> 3106064 | M96: =(K96*3%)+K96 -> 1599623 | N96: =+M96*F96 -> 3199245.9 | O96: =+ROUND(((I96+L96+N96)/3),0) -> 3097303
B97: 6 | C97: EXPOSITORES | D97: Profesionales en historia, archivística, bibliotecología, museología o áreas afines, con experiencia mínima de 2 años en gestión, investigación, curaduría o mediación de patrimonio documental y hemerográfico. | E97: PERSONAS | F97: 2 | G97: 411000 | H97: =(G97*9%)+G97 -> 447990 | I97: =H97*F97 -> 895980 | J97: =G97*F97 -> 822000 | K97: =(H97*4%)+H97 -> 465909.6 | L97: =+K97*F97 -> 931819.2 | M97: =(K97*3%)+K97 -> 479886.89 | N97: =+M97*F97 -> 959773.78 | O97: =+ROUND(((I97+L97+N97)/3),0) -> 929191
B98: 7 | C98: REFRIGERIOS | D98: Amasijo a base de maíz (garulla, pandebono, pan de yuca) Jugo en caja de 200 ml bajo en azúcar y fruta de cosecha (mandarina, banano, durazno, pera) | E98: UNIDADES | F98: 300 | G98: 18500 | H98: =(G98*9%)+G98 -> 20165 | I98: =H98*F98 -> 6049500 | J98: =G98*F98 -> 5550000 | K98: =(H98*4%)+H98 -> 20971.6 | L98: =+K98*F98 -> 6291480 | M98: =(K98*3%)+K98 -> 21600.748 | N98: =+M98*F98 -> 6480224.4 | O98: =+ROUND(((I98+L98+N98)/3),0) -> 6273735
B99: 8 | C99: ALMUERZO | D99: Una taza de 8 onzas de crema de tomate, 160 gramos de proteina (pechuga de pollo, carne, pavo a la plancha), 160 gramos de verdura mixta cosida, 90 gramos de papa gratinada , bebida: jugo natural de 10 onzas de fruta de cosecha y postre: una(1) rebanada de 20 gramos de queso campesino semi salado y una (1) rebanada de 20 gramos de bocadillo beleño. | E99: UNIDADES | F99: 50 | G99: 29600 | H99: =(G99*9%)+G99 -> 32264 | I99: =H99*F99 -> 1613200 | J99: =G99*F99 -> 1480000 | K99: =(H99*4%)+H99 -> 33554.56 | L99: =+K99*F99 -> 1677728 | M99: =(K99*3%)+K99 -> 34561.197 | N99: =+M99*F99 -> 1728059.8 | O99: =+ROUND(((I99+L99+N99)/3),0) -> 1672996
B100: 9 | C100: CERTIFICADO PANELISTAS | D100: Certificado de participación como ponente. tamaño carta en propalcote de 150. Full color con diseño enviado | E100: UNIDADES | F100: 30 | G100: 9672 | H100: =(G100*9%)+G100 -> 10542.48 | I100: =H100*F100 -> 316274.4 | J100: =G100*F100 -> 290160 | K100: =(H100*4%)+H100 -> 10964.179 | L100: =+K100*F100 -> 328925.38 | M100: =(K100*3%)+K100 -> 11293.105 | N100: =+M100*F100 -> 338793.14 | O100: =+ROUND(((I100+L100+N100)/3),0) -> 327998
B101: 10 | C101: FANZINES | D101: Impresión de 100 fanzines en tamaño tabloide (17 cms de ancho x 20cm largo ), caratula en papel propalcote de 200 gr, y hojas en papel (brillante de facil paso de hojas liso) correspondientes al mapa del parque arqueológico e información básica sobre el proceso de investigación y curaduría. La impresión deberá realizarse en papel delgado tipo revista o papel utilizado para volantes, que permita el plegado del material sin dificultad. Minimo 30 paginas. | E101: UNIDADES | F101: 100 | G101: 23400 | H101: =(G101*9%)+G101 -> 25506 | I101: =H101*F101 -> 2550600 | J101: =G101*F101 -> 2340000 | K101: =(H101*4%)+H101 -> 26526.24 | L101: =+K101*F101 -> 2652624 | M101: =(K101*3%)+K101 -> 27322.027 | N101: =+M101*F101 -> 2732202.7 | O101: =+ROUND(((I101+L101+N101)/3),0) -> 2645142
B102: 11 | C102: RECORDATORIOS | D102: Recordatorios institucionales del evento, elaborados y diseñados por la Escuela de Artes & Oficios, consistentes en una pieza simbólica enmarcada en la temática del foro “Patrimonios integrados”. Las piezas deberán ser aptas para su entrega a invitados y participantes como elemento representativo del evento. | E102: UNIDADES | F102: 40 | G102: 156000 | H102: =(G102*9%)+G102 -> 170040 | I102: =H102*F102 -> 6801600 | J102: =G102*F102 -> 6240000 | K102: =(H102*4%)+H102 -> 176841.6 | L102: =+K102*F102 -> 7073664 | M102: =(K102*3%)+K102 -> 182146.85 | N102: =+M102*F102 -> 7285873.9 | O102: =+ROUND(((I102+L102+N102)/3),0) -> 7053713
B103: 12 | C103: LIBRETA | D103: Diseño e impresión de una libreta de patrimonio que explique el concepto de patrimonios integrados y presente los principales patrimonios del municipio a través de sus distintas representaciones en el territorio. La libreta deberá estar pensada como material pedagógico y de divulgación para participantes del foro. Minimo 50 paginas | E103: UNIDADES | F103: 100 | G103: 27144 | H103: =(G103*9%)+G103 -> 29586.96 | I103: =H103*F103 -> 2958696 | J103: =G103*F103 -> 2714400 | K103: =(H103*4%)+H103 -> 30770.438 | L103: =+K103*F103 -> 3077043.8 | M103: =(K103*3%)+K103 -> 31693.552 | N103: =+M103*F103 -> 3169355.2 | O103: =+ROUND(((I103+L103+N103)/3),0) -> 3068365
... B117: 26 | C117: CERTIFICADO PARTICIPACIÓN | D117: Tamaño carta en propalcote de 200gr full color según diseño enviado por la organización del evento. | E117: Unidad | F117: 30 | G117: 9672 | H117: =(G117*9%)+G117 -> 10542.48 | I117: =H117*F117 -> 316274.4 | J117: =G117*F117 -> 290160 | K117: =(H117*4%)+H117 -> 10964.179 | L117: =+K117*F117 -> 328925.38 | M117: =(K117*3%)+K117 -> 11293.105 | N117: =+M117*F117 -> 338793.14 | O117: =+ROUND(((I117+L117+N117)/3),0) -> 327998
B118: TOTAL
B119: SALON DE ARTISTAS (OCTUBRE 2 al 24)
B120: N° | C120: ITEM | D120: DESCRIPCIÓN | E120: UNIDAD | F120: CANTIDAD | G120: PRECIO PROMEDIO UNIDAD CON IMPUESTOS | H120: PRECIO PROMEDIO UNIDAD CON IMPUESTOS | I120: TOTAL CON IMPUESTOS | J120: TOTAL CON IMPUESTOS | K120: PRECIO PROMEDIO UNIDAD CON IMPUESTOS | L120: TOTAL CON IMPUESTOS | M120: PRECIO PROMEDIO UNIDAD CON IMPUESTOS | N120: TOTAL CON IMPUESTOS
B121: 1 | C121: VINO TINTO SECO | D121: Cabernet Sauvignon de 750 ML, aroma intenso, repleto de frutos rojos, bayas, cerezas y casis | E121: UNIDADES | F121: 10 | G121: 32760 | H121: =(G121*9%)+G121 -> 35708.4 | I121: =H121*F121 -> 357084 | J121: =G121*F121 -> 327600 | K121: =(H121*4%)+H121 -> 37136.736 | L121: =+K121*F121 -> 371367.36 | M121: =(K121*3%)+K121 -> 38250.838 | N121: =+M121*F121 -> 382508.38 | O121: =+ROUND(((I121+L121+N121)/3),0) -> 370320
B122: 2 | C122: COPAS | D122: Copas plásticas paquete x 12 | E122: UNIDADES | F122: 10 | G122: 23400 | H122: =(G122*9%)+G122 -> 25506 | I122: =H122*F122 -> 255060 | J122: =G122*F122 -> 234000 | K122: =(H122*4%)+H122 -> 26526.24 | L122: =+K122*F122 -> 265262.4 | M122: =(K122*3%)+K122 -> 27322.027 | N122: =+M122*F122 -> 273220.27 | O122: =+ROUND(((I122+L122+N122)/3),0) -> 264514
B123: 3 | C123: TABLA DE QUESOS | D123: - Jamón Serrano - 2 Tapeo de Chorizos Españoles (Vela Natural y Vela Picante) -Jamón de Pavo - Queso Mozzarella Trenza con Finas Hierbas o Queso Momposino Finas Hierbas - Burrata - variedades de Quesos Madurados - Frutas (Fresas, Uvas, Kiwi, Uchuva) - Aceitunas, Tomates Secos, Frutos Secos | E123: UNIDADES | F123: 10 | G123: 325187.08 | H123: =(G123*9%)+G123 -> 354453.92 | I123: =H123*F123 -> 3544539.2 | J123: =G123*F123 -> 3251870.8 | K123: =(H123*4%)+H123 -> 368632.07 | L123: =+K123*F123 -> 3686320.7 | M123: =(K123*3%)+K123 -> 379691.04 | N123: =+M123*F123 -> 3796910.4 | O123: =+ROUND(((I123+L123+N123)/3),0) -> 3675923
B124: 4 | C124: PERSONAL DE APOYO | D124: Apoyo presencial en las exposiciónes que se realicen en el marco del Salón de Artistas durante 12 dias y apoyo en el montaje y demontaje | E124: UNIDADES | F124: 10 | G124: 624000 | H124: =(G124*9%)+G124 -> 680160 | I124: =H124*F124 -> 6801600 | J124: =G124*F124 -> 6240000 | K124: =(H124*4%)+H124 -> 707366.4 | L124: =+K124*F124 -> 7073664 | M124: =(K124*3%)+K124 -> 728587.39 | N124: =+M124*F124 -> 7285873.9 | O124: =+ROUND(((I124+L124+N124)/3),0) -> 7053713
B125: 5 | C125: PEDESTALES PARA EXPOSICIÓN | D125: Pedestales para exposición de obras escultóricas, dimensiones mínimas de 40 cm de ancho x 40 cm de largo x 100 cm de alto (X3) y TRES (3) de 120 de altura; con grosor en material MDF de 9mm para las caras o similar y aglomerado de 15mm para la estructura interna, acabado en color blanco mate y herrajes que permitan su movilidad y unión entre sí. | E125: UNIDADES | F125: 6 | G125: 756600 | H125: =(G125*9%)+G125 -> 824694 | I125: =H125*F125 -> 4948164 | J125: =G125*F125 -> 4539600 | K125: =(H125*4%)+H125 -> 857681.76 | L125: =+K125*F125 -> 5146090.6 | M125: =(K125*3%)+K125 -> 883412.21 | N125: =+M125*F125 -> 5300473.3 | O125: =+ROUND(((I125+L125+N125)/3),0) -> 5131576
B126: 6 | C126: SISTEMA DE LUCES PARA GALERIA | D126: Lámparas Tipo Spot (6) De 30w Luz Led Con Riel De 2m X 8 Unid necesaria para exposiciones de arte, color según indicación del supervisor del contrato. | E126: RIELES | F126: 8 | G126: 421200 | H126: =(G126*9%)+G126 -> 459108 | I126: =H126*F126 -> 3672864 | J126: =G126*F126 -> 3369600 | K126: =(H126*4%)+H126 -> 477472.32 | L126: =+K126*F126 -> 3819778.6 | M126: =(K126*3%)+K126 -> 491796.49 | N126: =+M126*F126 -> 3934371.9 | O126: =+ROUND(((I126+L126+N126)/3),0) -> 3809005
B127: 7 | C127: CONFERENCISTA | D127: Profesional en artes plasticas y visuales o areas relacionadas, con amplia trayectoria profesional, y humana, y con experiencia en apreciacion y critica en el area relacionada con enfoque en pintura para la realizacion de un Conversatorio | E127: PERSONAS | F127: 1 | G127: 1370000 | H127: =(G127*9%)+G127 -> 1493300 | I127: =H127*F127 -> 1493300 | J127: =G127*F127 -> 1370000 | K127: =(H127*4%)+H127 -> 1553032 | L127: =+K127*F127 -> 1553032 | M127: =(K127*3%)+K127 -> 1599623 | N127: =+M127*F127 -> 1599623 | O127: =+ROUND(((I127+L127+N127)/3),0) -> 1548652
B128: 8 | C128: CONFERENCISTA | D128: Profesional en artes plasticas y visuales o areas relacionadas, con amplia trayectoria profesional, y humana, y con experiencia en apreciacion y critica en el area relacionada con enfoque en nuevos lenguajes como video, performance, o tendencias vanguardistas. etc para la realizacion de un Conversatorio | E128: PERSONAS | F128: 1 | G128: 1370000 | H128: =(G128*9%)+G128 -> 1493300 | I128: =H128*F128 -> 1493300 | J128: =G128*F128 -> 1370000 | K128: =(H128*4%)+H128 -> 1553032 | L128: =+K128*F128 -> 1553032 | M128: =(K128*3%)+K128 -> 1599623 | N128: =+M128*F128 -> 1599623 | O128: =+ROUND(((I128+L128+N128)/3),0) -> 1548652
B129: 9 | C129: JURADO Y VEEDOR | D129: Profesional en artes plasticas y visuales o areas relacionadas, con amplia trayectoria profesional, y humana, y con experiencia en apreciacion y critica del arte para la evaluacion artisticas de las obras participantes en el evento. | E129: PERSONAS | F129: 2 | G129: 2740000 | H129: =(G129*9%)+G129 -> 2986600 | I129: =H129*F129 -> 5973200 | J129: =G129*F129 -> 5480000 | K129: =(H129*4%)+H129 -> 3106064 | L129: =+K129*F129 -> 6212128 | M129: =(K129*3%)+K129 -> 3199245.9 | N129: =+M129*F129 -> 6398491.8 | O129: =+ROUND(((I129+L129+N129)/3),0) -> 6194607
B130: 10 | C130: CERTIFICADO DEL EVENTO | D130: Tamaño carta en propalcote de 200gr full color según diseño enviado por la organización del evento | E130: UNIDADES | F130: 100 | G130: 9672 | H130: =(G130*9%)+G130 -> 10542.48 | I130: =H130*F130 -> 1054248 | J130: =G130*F130 -> 967200 | K130: =(H130*4%)+H130 -> 10964.179 | L130: =+K130*F130 -> 1096417.9 | M130: =(K130*3%)+K130 -> 11293.105 | N130: =+M130*F130 -> 1129310.5 | O130: =+ROUND(((I130+L130+N130)/3),0) -> 1093325
B131: 11 | C131: PREMIOS CATEGORIA 1 | D131: Tres premios en efectivo para los ganadores | E131: UNIDAD | F131: 3 | G131: 4795000 | H131: =(G131*9%)+G131 -> 5226550 | I131: =H131*F131 -> 15679650 | J131: =G131*F131 -> 14385000 | K131: =(H131*4%)+H131 -> 5435612 | L131: =+K131*F131 -> 16306836 | M131: =(K131*3%)+K131 -> 5598680.4 | N131: =+M131*F131 -> 16796041 | O131: =+ROUND(((I131+L131+N131)/3),0) -> 16260842
B132: 12 | C132: PREMIOS CATEGORIA 2 | D132: Tres premios en efectivo para los ganadores | E132: UNIDAD | F132: 3 | G132: 3425000 | H132: =(G132*9%)+G132 -> 3733250 | I132: =H132*F132 -> 11199750 | J132: =G132*F132 -> 10275000 | K132: =(H132*4%)+H132 -> 3882580 | L132: =+K132*F132 -> 11647740 | M132: =(K132*3%)+K132 -> 3999057.4 | N132: =+M132*F132 -> 11997172 | O132: =+ROUND(((I132+L132+N132)/3),0) -> 11614887
... B136: 16 | C136: PUBLICACIÓN IMPRESA | D136: Impresión Tipo libro, portada dura plastificada en mate con impresión a full color de las obras participantes del salon de artistas como memoria del evento, en papel propalcote de 300 grs o similar de tamaño carta que contenga los logos del evento y logos institucionales diseño enviado por la entidad. | E136: UNIDADES | F136: 50 | G136: 103600 | H136: =(G136*9%)+G136 -> 112924 | I136: =H136*F136 -> 5646200 | J136: =G136*F136 -> 5180000 | K136: =(H136*4%)+H136 -> 117440.96 | L136: =+K136*F136 -> 5872048 | M136: =(K136*3%)+K136 -> 120964.19 | N136: =+M136*F136 -> 6048209.4 | O136: =+ROUND(((I136+L136+N136)/3),0) -> 5855486
B137: TOTAL
B138: RUANA Y MUSICA
B139: N° | C139: ITEM | D139: DESCRIPCIÓN | E139: UNIDAD | F139: CANTIDAD | G139: PRECIO PROMEDIO UNIDAD CON IMPUESTOS | H139: PRECIO PROMEDIO UNIDAD CON IMPUESTOS | I139: TOTAL CON IMPUESTOS | J139: TOTAL CON IMPUESTOS | K139: PRECIO PROMEDIO UNIDAD CON IMPUESTOS | L139: TOTAL CON IMPUESTOS | M139: PRECIO PROMEDIO UNIDAD CON IMPUESTOS | N139: TOTAL CON IMPUESTOS
B140: 1 | C140: TALLERISTAS | D140: Musico profesional, con especialización o maestria, con reconocimiento nacional y experiencia minimo de 5 años relacionada a las musicas campesinas | E140: unidad | F140: 2 | G140: 3425000 | H140: =(G140*9%)+G140 -> 3733250 | I140: =H140*F140 -> 7466500 | J140: =G140*F140 -> 6850000 | K140: =(H140*4%)+H140 -> 3882580 | L140: =+K140*F140 -> 7765160 | M140: =(K140*3%)+K140 -> 3999057.4 | N140: =+M140*F140 -> 7998114.8 | O140: =+ROUND(((I140+L140+N140)/3),0) -> 7743258
B141: 2 | C141: AGRUPACIONES MUSICAL MUNICIPALES | D141: Agrupaciones municipales en musica tradicional colombiana con experiencia minima de 1 año, presentacion de 60 minutos, formato minimo 5 integrantes. | E141: unidad | F141: 4 | G141: 2740000 | H141: =(G141*9%)+G141 -> 2986600 | I141: =H141*F141 -> 11946400 | J141: =G141*F141 -> 10960000 | K141: =(H141*4%)+H141 -> 3106064 | L141: =+K141*F141 -> 12424256 | M141: =(K141*3%)+K141 -> 3199245.9 | N141: =+M141*F141 -> 12796984 | O141: =+ROUND(((I141+L141+N141)/3),0) -> 12389213
B142: 3 | C142: AGRUPACIÓN MUSICAL LOCAL -REGIONAL | D142: Agrupación local-regional de musica tradicional campesina colombiana con una cantidad minima de 4 musicos, presentacion de 60 minutos | E142: unidad | F142: 4 | G142: 2740000 | H142: =(G142*9%)+G142 -> 2986600 | I142: =H142*F142 -> 11946400 | J142: =G142*F142 -> 10960000 | K142: =(H142*4%)+H142 -> 3106064 | L142: =+K142*F142 -> 12424256 | M142: =(K142*3%)+K142 -> 3199245.9 | N142: =+M142*F142 -> 12796984 | O142: =+ROUND(((I142+L142+N142)/3),0) -> 12389213
B143: 4 | C143: AGRUPACIÓN MUSICAL PROFESIONAL | D143: Agrupación profesional de musicas campesinas con trayectoria o experiencia minima de 3 años y con una cantidad minima de 5 integrantes,presentacion de 60 minutos | E143: unidad | F143: 1 | G143: 41100000 | H143: =(G143*9%)+G143 -> 44799000 | I143: =H143*F143 -> 44799000 | J143: =G143*F143 -> 41100000 | K143: =(H143*4%)+H143 -> 46590960 | L143: =+K143*F143 -> 46590960 | M143: =(K143*3%)+K143 -> 47988689 | N143: =+M143*F143 -> 47988689 | O143: =+ROUND(((I143+L143+N143)/3),0) -> 46459550
B144: 5 | C144: CERTIFICACIONES | D144: Tamaño carta en propalcote de 200gr full color según diseño enviado por la organización del evento. Para los grupos participantes al festival. | E144: unidad | F144: 15 | G144: 9672 | H144: =(G144*9%)+G144 -> 10542.48 | I144: =H144*F144 -> 158137.2 | J144: =G144*F144 -> 145080 | K144: =(H144*4%)+H144 -> 10964.179 | L144: =+K144*F144 -> 164462.69 | M144: =(K144*3%)+K144 -> 11293.105 | N144: =+M144*F144 -> 169396.57 | O144: =+ROUND(((I144+L144+N144)/3),0) -> 163999
B145: 6 | C145: RECORDATORIO | D145: Pin en metal de ruana y nota musical | E145: unidad | F145: 200 | G145: 20280 | H145: =(G145*9%)+G145 -> 22105.2 | I145: =H145*F145 -> 4421040 | J145: =G145*F145 -> 4056000 | K145: =(H145*4%)+H145 -> 22989.408 | L145: =+K145*F145 -> 4597881.6 | M145: =(K145*3%)+K145 -> 23679.09 | N145: =+M145*F145 -> 4735818 | O145: =+ROUND(((I145+L145+N145)/3),0) -> 4584913
B146: 7 | C146: HIDRATACION | D146: Botellas de agua potable de 300 ml | E146: unidad | F146: 200 | G146: 890.5 | H146: =(G146*9%)+G146 -> 970.645 | I146: =H146*F146 -> 194129 | J146: =G146*F146 -> 178100 | K146: =(H146*4%)+H146 -> 1009.4708 | L146: =+K146*F146 -> 201894.16 | M146: =(K146*3%)+K146 -> 1039.7549 | N146: =+M146*F146 -> 207950.98 | O146: =+ROUND(((I146+L146+N146)/3),0) -> 201325
B147: 8 | C147: PREMIACIÓN | D147: Concurso de baile carranguero / local. Y otros concursos que se programen. | E147: unidad | F147: 3 | G147: 411000 | H147: =(G147*9%)+G147 -> 447990 | I147: =H147*F147 -> 1343970 | J147: =G147*F147 -> 1233000 | K147: =(H147*4%)+H147 -> 465909.6 | L147: =+K147*F147 -> 1397728.8 | M147: =(K147*3%)+K147 -> 479886.89 | N147: =+M147*F147 -> 1439660.7 | O147: =+ROUND(((I147+L147+N147)/3),0) -> 1393786
B148: 9 | C148: ALMUERZOS | D148: 200 gramos de proteina (pechuga de pollo, carne, pavo a la plancha), 160 gramos de legumbre , 90 gramos de ensalada, 90 gramos de papa o platano. Una porcion de arroz blanco o verde, bebida: jugo natural de 10 onzas de fruta o bebida de 200 ml bajo en azucar y postre. Distribruidos en dos dias. | E148: unidad | F148: 100 | G148: 31200 | H148: =(G148*9%)+G148 -> 34008 | I148: =H148*F148 -> 3400800 | J148: =G148*F148 -> 3120000 | K148: =(H148*4%)+H148 -> 35368.32 | L148: =+K148*F148 -> 3536832 | M148: =(K148*3%)+K148 -> 36429.37 | N148: =+M148*F148 -> 3642937 | O148: =+ROUND(((I148+L148+N148)/3),0) -> 3526856
B149: 10 | C149: INVITADOS A DESFILES DE COLECCIÓN DE RUANAS | D149: Desfile de colección de ruanas, marca dedicada la tejeduria en la región | E149: UNIDAD | F149: 1 | G149: 2340000 | H149: =(G149*9%)+G149 -> 2550600 | I149: =H149*F149 -> 2550600 | J149: =G149*F149 -> 2340000 | K149: =(H149*4%)+H149 -> 2652624 | L149: =+K149*F149 -> 2652624 | M149: =(K149*3%)+K149 -> 2732202.7 | N149: =+M149*F149 -> 2732202.7 | O149: =+ROUND(((I149+L149+N149)/3),0) -> 2645142
B150: 11 | C150: IMPRESIÓN PIEZAS GRAFICAS DE EXPOSICIÓN DE RUANAS "HISTORIAS QUE ABRIGAN" | D150: 2 impresiones en formato pliego en cartulina opalina. imprersion a color | E150: UNIDAD | F150: 2 | G150: 140400 | H150: =(G150*9%)+G150 -> 153036 | I150: =H150*F150 -> 306072 | J150: =G150*F150 -> 280800 | K150: =(H150*4%)+H150 -> 159157.44 | L150: =+K150*F150 -> 318314.88 | M150: =(K150*3%)+K150 -> 163932.16 | N150: =+M150*F150 -> 327864.33 | O150: =+ROUND(((I150+L150+N150)/3),0) -> 317417
B151: 12 | C151: AFICHES | D151: Papel Propalcote de 150 gramos. Tamaño de Papel 70×50 centímetros. Full color con diseño de promoción del evento enviado por la organización del evento. | E151: UNIDADES | F151: 30 | G151: 23400 | H151: =(G151*9%)+G151 -> 25506 | I151: =H151*F151 -> 765180 | J151: =G151*F151 -> 702000 | K151: =(H151*4%)+H151 -> 26526.24 | L151: =+K151*F151 -> 795787.2 | M151: =(K151*3%)+K151 -> 27322.027 | N151: =+M151*F151 -> 819660.82 | O151: =+ROUND(((I151+L151+N151)/3),0) -> 793543
... B154: 15 | C154: SAYCO | D154: Pago correspondiente a SAYCO Y ACIMPRO | E154: UNIDAD | F154: 1 | G154: 6850000 | H154: =(G154*9%)+G154 -> 7466500 | I154: =H154*F154 -> 7466500 | J154: =G154*F154 -> 6850000 | K154: =(H154*4%)+H154 -> 7765160 | L154: =+K154*F154 -> 7765160 | M154: =(K154*3%)+K154 -> 7998114.8 | N154: =+M154*F154 -> 7998114.8 | O154: =+ROUND(((I154+L154+N154)/3),0) -> 7743258
B155: TOTAL
B156: XXVI FESTIVAL DEPARTAMENTAL DE TEATRO (NOVIEMBRE 7 AL 13)
B157: N° | C157: ITEM | D157: DESCRIPCIÓN | E157: UNIDAD | F157: CANTIDAD | G157: PRECIO PROMEDIO UNIDAD CON IMPUESTOS | H157: PRECIO PROMEDIO UNIDAD CON IMPUESTOS | I157: TOTAL CON IMPUESTOS | J157: TOTAL CON IMPUESTOS | K157: PRECIO PROMEDIO UNIDAD CON IMPUESTOS | L157: TOTAL CON IMPUESTOS | M157: PRECIO PROMEDIO UNIDAD CON IMPUESTOS | N157: TOTAL CON IMPUESTOS
B158: 1 | C158: ALOJAMIENTO | D158: 1 noche de alojamiento en el municipio de Tenjo o municipio cercano al lugar de desarrollo del evento en acomodaciones Multiple con baño, WIFI, Zonas Comunes, TV, Seguro hotelero. | E158: UNIDADES | F158: 80 | G158: 156000 | H158: =(G158*9%)+G158 -> 170040 | I158: =H158*F158 -> 13603200 | J158: =G158*F158 -> 12480000 | K158: =(H158*5%)+H158 -> 178542 | L158: =+K158*F158 -> 14283360 | M158: =(K158*3%)+K158 -> 183898.26 | N158: =+M158*F158 -> 14711861 | O158: =+ROUND(((I158+L158+N158)/3),0) -> 14199474
...

Sheet Hoja1
A1: TOTAL EVENTOS 2026 IMCTT
A2: 1 | B2: DANZA | C2: ='FESTIVAL DE DANZA'!J41 -> 0
A3: 2 | B3: POESIA-COROS | C3: ='FESTIVAL DE DANZA'!J60 -> 0
A4: 3 | B4: CINE | C4: ='FESTIVAL DE DANZA'!J89 -> 0
A5: 4 | B5: FORO | C5: ='FESTIVAL DE DANZA'!J118 -> 0
A6: 5 | B6: SALON | C6: ='FESTIVAL DE DANZA'!J137 -> 0
A7: 6 | B7: RUANA | C7: ='FESTIVAL DE DANZA'!J155 -> 0
A8: 7 | B8: TEATRO | C8: ='FESTIVAL DE DANZA'!#REF! -> #REF!
C9: =SUM(C2:C8) -> #REF! | D9: TOTAL
B10: RUBROS | C10: VALORES
B11: 220 | C11: 1372725251
B12: foro | C12: 40000000
B13: funcionamiento | C13: 20550000
B14: 209 | C14: 30000000
C15: =SUM(C11:C14) -> 1463275251 | D15: TOTAL
C16: =C9-C15 -> #REF!
